 Dungeon Crawl Stone Soup version 0.15-a0-1269-g8ca96ae (webtiles) character file.

3042 Mindmaker the Basher (level 10, 58/73 HPs)
             Began as a Formicid Fighter on June 5, 2014.
             Was a Priest of Zin.
             Quit the game on Level 8 of the Dungeon.
             The game lasted 00:37:24 (6498 turns).

Mindmaker the Basher (Formicid Fighter)             Turns: 6498, Time: 00:37:24

HP  58/73        AC 11     Str 21      XL: 10   Next: 11%
MP  21/21        EV  9     Int  8      God: Zin [***...]
Gold 461         SH  0     Dex 13      Spells:  0 memorised,  9 levels left

rFire  . . .     SeeInvis +     t - +1,+2 morningstar (crush)
rCold  . . .     Clarity  .     b - +1 scale mail
rNeg   . . .     rCorr    .     (no shield)
rPois  .         rRot     .     (helmet unavailable)
rElec  .         Spirit   .     f - +0 cloak
SustAb .         Warding  .     (no gloves)
rMut   +         Stasis   +     (no boots)
Gourm  .                        m - amulet of resist mutation
MR     +....                    (no ring)
                                r - +1 ring of protection

@: somewhat resistant to hostile enchantments, extremely unstealthy
A: permanent stasis, dig shafts and tunnels, four strong arms, antennae 3
a: Dig, Shaft Self, Recite, Vitalisation, Imprison, Renounce Religion


You were on level 8 of the Dungeon.
You worshipped Zin.
Zin was most pleased with you.
You were not hungry.

You visited 2 branches of the dungeon, and saw 9 of its levels.
You also visited: Sewer.

You collected 512 gold pieces.
You donated 51 gold pieces to Zin.

Inventory:

Hand weapons
 t - a +1,+2 morningstar of crushing (weapon)
Missiles
 j - 205 stones
 k - 3 needles of sleeping
 l - 7 javelins (quivered)
 q - 4 silver javelins
 u - 30 poisoned needles
 v - 7 curare-tipped needles
Armour
 b - a +1 scale mail (worn)
 c - a +0 shield
 f - a +0 cloak (worn)
Magical devices
 w - a wand of flame (9)
 C - a wand of slowing (18)
 F - a wand of paralysis (24)
Comestibles
 d - 4 bread rations
 n - a royal jelly
 s - a chunk of rat flesh
 x - a beef jerky
 A - 2 meat rations
 B - a rotting chunk of giant frog flesh
Scrolls
 a - 2 scrolls of fear
 i - 5 scrolls of identify
 p - a scroll of remove curse
 y - a scroll of enchant weapon II
 D - a scroll of enchant weapon I
Jewellery
 m - an amulet of resist mutation (around neck)
 r - a +1 ring of protection (left hand)
Potions
 e - 3 potions of might
 g - a potion of flight {unknown}
 h - a potion of curing
 o - 4 potions of heal wounds
 z - a potion of confusion {unknown}


   Skills:
 + Level 4.6 Fighting
 - Level 10.0 Maces & Flails
 - Level 7.2 Armour
 - Level 5.3 Shields
 - Level 6.3 Invocations


You had 9 spell levels left.
You didn't know any spells.

Dungeon Overview and Level Annotations

Branches:
Dungeon (8/15)             Temple (1/1) D:5
   Lair: D:8-11

Altars:
Cheibriados
Dithmenos
Elyvilon
Fedhas
Gozag
Kikubaaqudgha
Makhleb
Nemelex Xobeh
Okawaru
Qazlal
Sif Muna
Trog
Vehumet
Xom
Yredelemnul
Zin
The Shining One

Shops:
D:5 *


Innate Abilities, Weirdness & Mutations

Your are under a permanent stasis effect.
You can dig through walls and to a lower floor.
Your four strong arms can wield two-handed weapons with a shield.
You have a pair of large antennae on your head (SInv).


Message History

Take off which item? (? for menu, Esc to quit)
You start removing your armour.
You continue taking off your +0 shield.
You continue taking off your +0 shield. x4
You finish taking off your +0 shield.
Wear which item? (? for menu, Esc to quit)
Okay, then.
Wield which item (- for none, * to show all)? (? for menu, Esc to quit)
That's too large and heavy for you to wield.
Take off which item? (? for menu, Esc to quit)
Okay, then.
Wield which item (- for none, * to show all)? (? for menu, Esc to quit)
You are already wielding that!
You are now empty-handed.
Wield which item (- for none, * to show all)? (? for menu, Esc to quit)
That's too large and heavy for you to wield.
Wield which item (- for none, * to show all)? (? for menu, Esc to quit)
t - a +1,+2 morningstar of crushing (weapon)
Drop what? (_ for help) (? for menu, Esc to quit)
You drop a giant spiked club.
Are you sure you want to abandon this character and quit the game? (Confirm with "yes".)

..# #.... #....
#...# #...# #...#
#...#
######...#######%..
.........<@........
..........%.?......
##################


There were no monsters in sight!

Vanquished Creatures
  A wyvern (D:6)
  A hippogriff (D:7)
  A water moccasin (D:5)
  A black bear (D:7)
  2 phantoms
  An ice beast (D:7)
  2 ogres
  2 centaurs
  A giant frog (D:7)
  2 big kobolds
  6 scorpions
  3 wights (D:7)
  5 jellies
  3 killer bees (D:7)
  2 hounds
  2 goliath beetles (D:6)
  4 crimson imps
  2 iguanas
  4 orc wizards
  An orc priest (D:7)
  8 worker ants
  A killer bee zombie (D:7)
  2 hound zombies
  A mummy (D:7)
  8 adders
  A worm zombie (D:5)
  5 giant mites
  2 green rats (Sewer)
  A shadow imp (D:5)
  3 worms
  An adder skeleton (D:4)
  4 oozes
  12 orcs
  10 bats
  A bat zombie (D:5)
  9 giant cockroaches
  A gnoll zombie (D:5)
  7 goblins
  12 hobgoblins
  7 ball pythons
  5 giant geckos (D:4)
  A giant gecko skeleton (D:4)
  A giant newt (D:1)
  4 jackals (D:4)
  31 kobolds
  3 quokkas
  13 rats
  A rat skeleton (D:4)
  A rat zombie (D:5)
202 creatures vanquished.

Vanquished Creatures (others)
  A big fish (D:4)
  An orc (D:4)
2 creatures vanquished.

Grand Total: 204 creatures vanquished

Notes
Turn   | Place    | Note
--------------------------------------------------------------
     0 | D:1      | Mindmaker, the Formicid Fighter, began the quest for the Orb.
     0 | D:1      | Reached XP level 1. HP: 18/18 MP: 1/1
   234 | D:1      | Reached XP level 2. HP: 22/24 MP: 3/3
   528 | D:2      | Found a shadowy altar of Dithmenos.
   620 | D:2      | Reached XP level 3. HP: 13/29 MP: 4/4
   917 | D:2      | Reached skill level 4 in Maces & Flails
   917 | D:2      | Reached XP level 4. HP: 33/35 MP: 5/5
  1748 | D:4      | Noticed a phantom
  1782 | D:4      | Reached skill level 5 in Maces & Flails
  1782 | D:4      | Reached XP level 5. HP: 41/41 MP: 7/7
  1823 | D:4      | Found a white marble altar of Elyvilon.
  2100 | D:4      | Reached XP level 6. HP: 41/47 MP: 8/8
  2111 | D:4      | Reached skill level 5 in Shields
  2137 | D:4      | Killed a phantom
  2219 | D:4      | Reached XP level 7. HP: 39/52 MP: 9/9
  2276 | D:4      | Reached skill level 5 in Armour
  2345 | D:4      | Found a glowing drain.
  2368 | Sewer    | Entered a sewer
  2847 | Sewer    | Reached skill level 6 in Armour
  2991 | D:4      | Noticed a fire elemental
  2992 | D:4      | Found a stormy altar of Qazlal.
  2995 | D:4      | Noticed an earth elemental
  2995 | D:4      | Noticed a water elemental
  2995 | D:4      | Noticed an air elemental
  3179 | D:5      | Entered Level 5 of the Dungeon
  3391 | D:5      | Reached skill level 7 in Armour
  3512 | D:5      | Reached XP level 8. HP: 45/58 MP: 11/11
  3979 | D:5      | Found a staircase to the Ecumenical Temple.
  3985 | Temple   | Entered the Ecumenical Temple
  4055 | D:5      | Found Mipam's General Store.
  4071 | D:5      | Found a deep blue altar of Sif Muna.
  4979 | D:6      | Reached skill level 8 in Maces & Flails
  4996 | D:6      | Found a glowing silver altar of Zin.
  5005 | D:6      | Became a worshipper of Zin the Law-Giver
  5005 | D:6      | Acquired Zin's first power
  5042 | D:6      | Reached skill level 1 in Invocations
  5042 | D:6      | Reached XP level 9. HP: 55/64 MP: 11/14
  5050 | D:6      | Acquired Zin's second power
  5140 | D:6      | Reached skill level 5 in Invocations
  5273 | D:6      | Found a burning altar of Makhleb.
  5579 | D:7      | Reached skill level 9 in Maces & Flails
  5754 | D:7      | Acquired Zin's third power
  6069 | D:7      | Found an ancient bone altar of Kikubaaqudgha.
  6070 | D:7      | Found a basalt altar of Yredelemnul.
  6100 | D:7      | Reached XP level 10. HP: 57/70 MP: 21/21
  6175 | D:7      | Reached skill level 10 in Maces & Flails
  6498 | D:8      | Quit the game

Action                   |  1- 3 |  4- 6 |  7- 9 | 10-12 || total
-------------------------+-------+-------+-------+-------++-------
Melee: Flail             |    79 |   106 |       |       ||   185
       Morningstar       |       |    33 |   466 |    22 ||   521
Throw: Javelin           |       |     3 |     8 |     6 ||    17
Invok: Recite            |       |       |     2 |       ||     2
Evoke: Wand              |       |       |     7 |       ||     7
  Use: Scroll            |       |     7 |     9 |     1 ||    17
       Potion            |       |       |     6 |       ||     6
 Stab: Paralysed         |       |       |    13 |       ||    13
